 Dungeon Crawl Stone Soup version 0.21.1-1-g345015f (webtiles) character file.

131 inc the Scratcher (level 4, 19/19 HPs)
             Began as a Felid Transmuter on Mar 6, 2018.
             Quit the game on level 4 of the Dungeon.
             The game lasted 00:09:25 (4856 turns).

inc the Scratcher (Felid Transmuter)                Turns: 4856, Time: 00:09:26

Health: 19/19      AC:  3    Str:  6    XL:     4   Next: 91%
Magic:  8/8        EV: 18    Int: 15    God:
Gold:   218        SH:  4    Dex: 17    Spells: 1/7 levels left
                                        Lives:  0   Deaths: 1

rFire    . . .     SeeInvis +     - Unarmed
rCold    + . .     Gourm    .   (shield unavailable)
rNeg     . . .     Faith    .   (armour unavailable)
rPois    .         Spirit   .   (helmet unavailable)
rElec    .         Reflect  +   (cloak unavailable)
rCorr    .         Harm     .   (gloves unavailable)
MR       +....     Clarity  +   (boots unavailable)
Stlth    +++.......             f - +4 amulet of reflection
HPRegen  0.06/turn              d - ring of stealth
MPRegen  0.11/turn              (no ring)

@: quick
A: very small, no armour, no weapons or thrown items, stealth, claws 1, fangs 3,
slimy green scales 1, see invisible, carnivore, clarity, cold resistance 1,
speed 1, magic resistance 1, shaggy fur 1, slow metabolism 1, sharp paws
a: no special abilities


You were on level 4 of the Dungeon.
You were not hungry.

You visited 1 branch of the dungeon, and saw 6 of its levels.

You collected 218 gold pieces.

Inventory:

Missiles
 a - 40 arrows
Jewellery
 d - a ring of stealth (left paw)
 f - a +4 amulet of reflection (around neck)
Wands
 j - a wand of paralysis (19)
Scrolls
 e - a scroll of fog {unknown}
 g - 2 scrolls of identify {unknown}
 h - a scroll of enchant armour {unknown}
 i - 3 scrolls of teleportation
 l - a scroll of remove curse {unknown}
 m - a scroll of blinking {unknown}
 p - a scroll of amnesia {unknown}
 s - a scroll of random uselessness {unknown}
Potions
 q - a potion of cancellation
Books
 b - a book of Changes

   Spells                             Type                      Level
   a - Beastly Appendage              Transmutation                1
   b - Sticks to Snakes               Transmutation                2
   c - Spider Form                    Transmutation/Poison         3
   d - Ice Form                       Ice/Transmutation            4
   e - Blade Hands                    Transmutation                5
Comestibles
 c - 3 rations


   Skills:
 - Level 1.0 Fighting
 - Level 2.6 Dodging
 - Level 5.2 Unarmed Combat
 - Level 2.0 Spellcasting
 + Level 4.9 Transmutations


You had one spell level left.
You knew the following spells:

 Your Spells              Type           Power        Failure   Level  Hunger
a - Beastly Appendage     Tmut           ###...       3%          1    #......
b - Sticks to Snakes      Tmut           ###.....     4%          2    ###....
c - Spider Form           Tmut/Pois      #.........   24%         3    ###....


Dungeon Overview and Level Annotations

Branches:
Dungeon (6/15)
 Temple: D:4-7

Altars:
Gozag

Annotations:
D:3 letownia2's ghost, weakling TeWz
D:4 Edmund; Eustachio; Goblin1989's ghost, novice DsTm; Natasha


Innate Abilities, Weirdness & Mutations

You cannot wear armour.
You are incapable of wielding weapons or throwing items.
Your paws allow you to move quietly. (Stealth)
You have sharp claws.
You have razor-sharp teeth.
You have supernaturally acute eyesight. (SInv)
You are carnivorous and can eat meat at any time.
You cover ground quickly.
You are covered in fur. (AC +1)
You have a slow metabolism.
Your sharp claws are effective at attacking unaware monsters.
You are partially covered in slimy green scales. (AC +2)
You possess an exceptional clarity of mind.
Your flesh is cold resistant. (rC+)
You are resistant to hostile enchantments. (MR+)


Message History

You barely miss Edmund.
Edmund is lightly wounded.
Edmund misses you.
You hit Edmund.
Edmund is moderately wounded.
You block Edmund's attack.
You hit Edmund.
Edmund looks as sick as possible!
Edmund is heavily wounded.
Edmund hits you with a flail of protection!
* * * LOW HITPOINT WARNING * * *
Okay, then.
You hit Edmund but do no damage.
Edmund is severely wounded.
Edmund hits you with a flail of protection!
You die...
Your shape twists and changes as you die.
You are now level 4!
Your transformation has ended.
You rejoin the land of the living...
Are you sure you want to abandon this character and quit the game? (Confirm with "yes".)

............#.# #..........#
##........#...# #..........#
##........##.>####..........#
######.####...##...<........#
........J@†.................#
.....#.####.#.##........#.###
...#...# ##.#.##.#......#.#
...##..###..#.##.######...#
...##..##.......@# ###.###
##.##..#...#.###># #...########
.##..#..#..# #.# #.##.......#
#..#.......####.####.##.......#
........##..........##.......#
###....#.......................#
...... #.#...÷........##.......#
....#. #.##..#<.####..##.....<.#
#....##.# #...#.....#*#.......#


There were no monsters in sight!

Vanquished Creatures
  A scorpion (D:4)
  A jelly (D:6)
  Natasha (D:4)
  2 worker ants (D:5)
  4 adders
  An ooze (D:4)
  A worm (D:2)
  A dart slug (D:1)
  2 orcs (D:6)
  3 giant cockroaches
  10 goblins
  8 hobgoblins
  6 jackals
  3 quokkas (D:4)
  10 bats
  2 frilled lizards (D:1)
  5 kobolds
  A leopard gecko skeleton (D:4)
  7 rats
69 creatures vanquished.

Notes
Turn   | Place    | Note
-------+----------+-------------------------------------------
     0 | D:1      | inc the Felid Transmuter began the quest for the Orb.
     0 | D:1      | Reached XP level 1. HP: 9/9 MP: 4/4
   326 | D:1      | Reached XP level 2. HP: 12/12 MP: 6/6
   570 | D:1      | Reached skill level 4 in Unarmed Combat
   742 | D:1      | Reached XP level 3. HP: 14/15 MP: 7/7
  2165 | D:3      | Reached XP level 4. HP: 16/19 MP: 8/8
  2259 | D:3      | Reached skill level 5 in Unarmed Combat
  2629 | D:3      | Noticed letownia2's ghost (weakling TeWz)
  2903 | D:4      | Noticed Natasha
  3067 | D:4      | Noticed Edmund
  3130 | D:4      | Noticed Eustachio
  3156 | D:5      | Entered Level 5 of the Dungeon
  3173 | D:4      | Learned a level 2 spell: Sticks to Snakes
  3240 | D:4      | Gained mutation: You passively map a small area around you. [potion of mutation]
  3240 | D:4      | Gained mutation: Your muscles are strong. (Str +2) [potion of mutation]
  3446 | D:6      | Lost mutation: Your muscles are strong. (Str +2) [potion of mutation]
  3446 | D:6      | Lost mutation: You passively map a small area around you. [potion of mutation]
  3446 | D:6      | Gained mutation: You possess an exceptional clarity of mind. [potion of mutation]
  3446 | D:6      | Gained mutation: Your flesh is cold resistant. (rC+) [potion of mutation]
  3446 | D:6      | Gained mutation: You are partially covered in slimy green scales. (AC +2) [potion of mutation]
  3446 | D:6      | Gained mutation: You are resistant to hostile enchantments. (MR+) [potion of mutation]
  3793 | D:5      | Reached XP level 5. HP: 16/22 MP: 7/9
  4008 | D:5      | Learned a level 3 spell: Spider Form
  4021 | D:5      | Found an opulent altar of Gozag.
  4103 | D:5      | Noticed a water moccasin
  4314 | D:4      | Killed Natasha
  4316 | D:4      | Noticed Goblin1989's ghost (novice DsTm)
  4324 | D:4      | Noticed Natasha
  4855 | D:4      | Slain by Edmund
  4856 | D:4      | Reached XP level 4. HP: -1/19 MP: 7/8
  4856 | D:4      | Quit the game

Skill      XL: |  1  2  3  4  5 |
---------------+----------------+-----
Unarmed Combat | 4 5 |  5.2
Transmutations | 3 4 |  4.9
Fighting       | |  1.0
Dodging        | |  2.6
Spellcasting   | |  2.0

Action                   |  1- 3 |  4- 6 || total
-------------------------+-------+-------++-------
Melee: Unarmed           |   113 |    99 ||   212
       Bite              |     5 |     8 ||    13
       Headbutt          |     3 |     5 ||     8
       Punch             |       |     2 ||     2
 Cast: Beastly Appendage |     2 |     8 ||    10
       Sticks to Snakes  |       |     7 ||     7
       Spider Form       |       |     2 ||     2
  Use: Potion            |       |    10 ||    10
       Scroll            |       |     1 ||     1
 Stab: Sleeping          |    14 |     7 ||    21
       Distracted        |       |     1 ||     1
  Eat: Chunk             |     3 |     2 ||     5
       Ration            |       |     1 ||     1
Armor: Skin              |     3 |     8 ||    11
Dodge: Dodged            |    62 |    78 ||   140
Block: Other             |     7 |    16 ||    23
